 Dungeon Crawl Stone Soup version 0.21.0 (webtiles) character file.

196 tidbits the Sneak (level 5, 21/21 HPs)
             Began as a Felid Air Elementalist on Jan 7, 2018.
             Quit the game on level 7 of the Dungeon.
             The game lasted 00:13:41 (1654 turns).

tidbits the Sneak (Felid Air Elementalist)          Turns: 1654, Time: 00:13:42

Health: 21/21      AC:  2    Str:  6    XL:     5   Next: 45%
Magic:  9/9        EV: 18    Int: 16    God:
Gold:   182        SH:  0    Dex: 17    Spells: 7/8 levels left
                                        Lives:  0   Deaths: 1

rFire    . . .     SeeInvis +     - Unarmed
rCold    . . .     Gourm    .   (shield unavailable)
rNeg     . . .     Faith    .   (armour unavailable)
rPois    .         Spirit   .   (helmet unavailable)
rElec    .         Reflect  .   (cloak unavailable)
rCorr    .         Harm     .   (gloves unavailable)
MR       .....                  (boots unavailable)
Stlth    ++++......             e - amulet of regeneration
HPRegen  0.47/turn              (no ring)
MPRegen  0.11/turn              (no ring)

@: quick
A: very small, no armour, no weapons or thrown items, stealth, claws 1, fangs 3,
see invisible, carnivore, speed 1, shaggy fur 2, slow metabolism 1, sharp paws
a: no special abilities


You were on level 7 of the Dungeon.
You were not hungry.

You visited 1 branch of the dungeon, and saw 8 of its levels.
You also visited: Ossuary.

You collected 182 gold pieces.

Inventory:

Jewellery
 e - an amulet of regeneration (around neck)
   (You found it on level 1 of the Dungeon)
Wands
 a - a wand of acid (5)
 m - a wand of disintegration (5)
 o - a wand of flame (28)
Scrolls
 f - 2 scrolls of fear {unknown}
 h - 2 scrolls of teleportation {unknown}
 i - a scroll of enchant weapon {unknown}
 l - 5 scrolls of remove curse {unknown}
 s - a scroll of immolation {unknown}
 u - 3 scrolls of random uselessness {unknown}
 v - a scroll of enchant armour {unknown}
 w - a scroll of magic mapping {unknown}
 z - a scroll of amnesia {unknown}
Potions
 d - 2 potions of degeneration {unknown}
 g - 4 potions of mutation {unknown}
 j - a potion of resistance
 k - 3 potions of curing
 n - 2 potions of heal wounds
 p - a potion of magic
 q - 2 potions of brilliance {unknown}
 r - 2 potions of berserk rage
 x - a potion of ambrosia {unknown}
 A - a potion of flight
Books
 c - a book of Air

   Spells                             Type                      Level
   a - Shock                          Conjuration/Air              1
   b - Swiftness                      Charms/Air                   2
   c - Static Discharge               Conjuration/Air              3
   d - Airstrike                      Air                          4
   e - Lightning Bolt                 Conjuration/Air              5
Comestibles
 b - 3 rations


   Skills:
 + Level 0.0 Fighting
 + Level 2.6 Dodging
 + Level 7.2 Stealth
 * Level 4.5 Unarmed Combat
 - Level 2.0 Spellcasting
 - Level 0.8 Conjurations
 - Level 2.6 Air Magic


You had 7 spell levels left.
You knew the following spells:

 Your Spells              Type           Power        Failure   Level  Hunger
a - Shock                 Conj/Air       #...         10%         1    #......


Dungeon Overview and Level Annotations

Branches:
Dungeon (8/15)
 Temple: D:4-7         Lair: D:8-11

Altars:
Gozag

Annotations:
D:3 Natasha
D:4 Pikel
D:5 Eustachio


Innate Abilities, Weirdness & Mutations

You cannot wear armour.
You are incapable of wielding weapons or throwing items.
Your paws allow you to move quietly. (Stealth)
You have sharp claws.
You have razor-sharp teeth.
You have supernaturally acute eyesight. (SInv)
You are carnivorous and can eat meat at any time.
You cover ground quickly.
You are covered in thick fur. (AC +2)
You have a slow metabolism.
Your sharp claws are effective at attacking unaware monsters.


Message History

You swing at nothing.
You swing at nothing.
Your magical contamination has completely faded away.
You now have 168 gold pieces (gained 15).
You swing at nothing.
You swing at nothing.
You swing at nothing.
Your transformation is almost over.
You swing at nothing.
You swing at nothing.
You swing at nothing.
You swing at nothing.
You swing at nothing.
You feel less wooden.
Wield which item (- for none, * to show all)? (? for menu, Esc to quit)
Your mouth is now empty.
Found an encrusted iron wand.
You found a shaft!
a - a wand of acid (5)
There is a shaft here.
HP restored.
A quokka skeleton comes into view.
A quokka skeleton is nearby!
You scratch the quokka skeleton. You bite the quokka skeleton.
The quokka skeleton is almost destroyed.
The quokka skeleton closely misses you.
You scratch the quokka skeleton.
You destroy the quokka skeleton!
Found a ration.
Found a morningstar.
b - 2 rations (gained 1)
You open the door.
There is an open door here.
Found 14 gold pieces.
You now have 182 gold pieces (gained 14).
Found a stone staircase leading down.
A hippogriff comes into view.
The hippogriff screeches!
Found a ration.
There is a stone staircase leading down here.
b - 3 rations (gained 1)
There are no items here.
There is a stone staircase leading up here.
You climb upwards.
The scorpion stings you.
There is a stone staircase leading down, spattered with blood here.
The scorpion misses you.
You completely miss the scorpion. The scorpion closely misses you.
You scratch the scorpion.
The scorpion is moderately wounded.
The scorpion misses you.
You barely miss the scorpion.
The scorpion is moderately wounded.
The scorpion stings you.
You scratch the scorpion.
The scorpion is heavily wounded.
The scorpion stings you.
You scratch the scorpion.
You bite the scorpion, but do no damage.
The scorpion is severely wounded.
The scorpion completely misses you.
You scratch the scorpion but do no damage.
The scorpion is severely wounded.
The scorpion stings you.
You are poisoned.
The scorpion poisons you!
You closely miss the scorpion. You bite the scorpion.
The scorpion is severely wounded.
You feel sick.
You scratch the scorpion but do no damage.
The scorpion is severely wounded.
You feel sick.
The scorpion stings you but does no damage.
You scratch the scorpion but do no damage.
Your claw misses the scorpion.
The scorpion is severely wounded.
You feel sick. The scorpion stings you!
* * * LOW HITPOINT WARNING * * *
You are lethally poisoned!
The scorpion poisons you!
Casting: Shock
Confirm with . or Enter, or press ? or * to list all spells.
Aiming: Shock
Press: ? - help, Shift-Dir - straight line The zap misses the scorpion.
The zap hits the scorpion.
The scorpion is almost dead.
* * * LOW HITPOINT WARNING * * *
You feel sick. The scorpion completely misses you.
Casting: Shock
Confirm with . or Enter, or press ? or * to list all spells.
Aiming: Shock
Press: ? - help, Shift-Dir - straight line The zap misses the scorpion.
The zap hits the scorpion.
The scorpion appears unharmed.
The scorpion is almost dead.
* * * LOW HITPOINT WARNING * * *
You feel sick. The scorpion stings you!
You die...
You are now level 5!
You rejoin the land of the living...
Are you sure you want to abandon this character and quit the game? (Confirm with "yes".)

## .. .#
#.##
###...
##...#.#
#..@...#
########


There were no monsters in sight!

Vanquished Creatures
  A phantom (D:5)
  An ogre (D:4)
  A bullfrog (D:8)
  3 mummies (Ossuary)
  3 gnolls
  An adder (D:2)
  A shadow imp (D:6)
  An ooze (D:3)
  A worm (D:3)
  A dart slug (D:3)
  A leopard gecko (D:5)
  4 orcs
  7 bats
  4 giant cockroaches
  8 goblins
  3 hobgoblins
  2 quokkas
  4 frilled lizards
  3 kobolds
  A kobold zombie (D:5)
  A quokka skeleton (D:8)
  5 rats
57 creatures vanquished.

Vanquished Creatures (others)
  A frilled lizard (D:3)
1 creature vanquished.

Grand Total: 58 creatures vanquished

Notes
Turn   | Place    | Note
-------+----------+-------------------------------------------
     0 | D:1      | tidbits the Felid Air Elementalist began the quest for the Orb.
     0 | D:1      | Reached XP level 1. HP: 7/7 MP: 4/4
    83 | D:1      | Reached skill level 3 in Stealth
   145 | D:1      | Reached skill level 1 in Unarmed Combat
   179 | D:1      | Reached XP level 2. HP: 11/11 MP: 3/6
   343 | D:1      | Reached skill level 4 in Stealth
   365 | D:2      | Reached XP level 3. HP: 14/14 MP: 4/7
   384 | D:2      | Reached skill level 2 in Unarmed Combat
   507 | D:3      | Noticed Natasha
   519 | D:3      | Noticed an ogre
   591 | D:4      | Found an opulent altar of Gozag.
   635 | D:5      | Entered Level 5 of the Dungeon
   637 | D:5      | Noticed a phantom
   643 | D:5      | Noticed Eustachio
   649 | D:4      | Noticed an ogre
   897 | D:2      | Reached XP level 4. HP: 18/18 MP: 8/8
   990 | D:2      | Reached skill level 5 in Stealth
  1072 | D:4      | Noticed an ogre
  1085 | D:4      | Killed an ogre
  1085 | D:4      | Reached skill level 6 in Stealth
  1085 | D:4      | Reached skill level 3 in Unarmed Combat
  1085 | D:4      | Reached XP level 5. HP: 21/21 MP: 5/9
  1096 | D:4      | Noticed a slave
  1097 | D:4      | Noticed Pikel
  1097 | D:4      | Noticed a slave
  1098 | D:4      | Noticed a slave
  1101 | D:4      | Noticed an ogre
  1134 | D:5      | Found a sand-covered staircase.
  1147 | Ossuary  | Entered an ossuary
  1358 | D:5      | Killed a phantom
  1358 | D:5      | Reached skill level 4 in Unarmed Combat
  1358 | D:5      | Gained mutation: You are covered in thick fur. (AC +2) [Felid growth]
  1358 | D:5      | Reached XP level 6. HP: 19/24 MP: 0/10
  1503 | D:8      | Reached skill level 7 in Stealth
  1615 | D:8      | Noticed a hippogriff
  1653 | D:7      | Mangled by a scorpion
  1654 | D:7      | Reached XP level 5. HP: -6/21 MP: 8/9
  1654 | D:7      | Quit the game

Skill      XL: |  1  2  3  4  5  6 |
---------------+-------------------+-----
Stealth        | 3 4 6 7 |  7.2
Unarmed Combat | 1 2 3 4 |  4.5
Dodging        | |  2.6
Spellcasting   | |  2.0
Conjurations   | |  0.8
Air Magic      | |  2.6

Action                   |  1- 3 |  4- 6 || total
-------------------------+-------+-------++-------
Melee: Unarmed           |    54 |    57 ||   111
       Bite              |     1 |     4 ||     5
       Punch             |     1 |       ||     1
 Cast: Shock             |    37 |    31 ||    68
Evoke: Wand              |     1 |       ||     1
  Use: Scroll            |     3 |     5 ||     8
       Potion            |       |     5 ||     5
 Stab: Sleeping          |    15 |     3 ||    18
       Invisible         |       |     4 ||     4
       Distracted        |       |     1 ||     1
  Eat: Chunk             |     8 |     1 ||     9
Armor: Skin              |    13 |    22 ||    35
Dodge: Dodged            |    82 |    30 ||   112

Table legend:
 A = Turns spent in this place as a percentage of turns spent in the entire game.
 B = Non-inter-level travel turns spent in this place as a percentage of non-inter-level travel turns spent in the entire game.
 C = Inter-level travel turns spent in this place as a percentage of turns spent in this place.
 D = Turns resting spent in this place as a percentage of non-inter-level travel turns spent in this place.
 E = Turns spent auto-exploring this place as a percentage of non-inter-level travel turns spent in this place.
 F = Non-inter-level travel turns spent in this place divided by the number of levels of this place that you've seen.
                   A       B       C       D       E      F
               +-------+-------+-------+-------+-------+----------------------
         Total | 100.0 | 100.0 |   1.0 |   0.3 |   0.0 | 182.0
       Dungeon |  88.9 |  88.8 |   1.1 |   0.3 |   0.0 | 181.9
       Ossuary |  11.1 |  11.2 |   0.0 |   0.0 |   0.0 | 183.0
               +-------+-------+-------+-------+-------+----------------------

Table legend:
 A = Kills in this place as a percentage of kills in entire the game.
 B = Kills by you in this place as a percentage of kills by you in the entire game.
 C = Kills by friends in this place as a percentage of kills by friends in the entire game.
 D = Other kills in this place as a percentage of other kills in the entire game.
 E = Experience gained in this place as a percentage of experience gained in the entire game.
 F = Experience gained in this place divided by the number of levels of this place that you have seen.
                   A       B       C       D       E      F
               +-------+-------+-------+-------+-------+----------------------
         Total | 100.0 | 100.0 |   N/A |   N/A | 100.0 |  60.2
       Dungeon |  94.7 |  94.7 |   N/A |   N/A |  90.0 |  61.0
       Ossuary |   5.3 |   5.3 |   N/A |   N/A |  10.0 |  54.0
               +-------+-------+-------+-------+-------+----------------------

Vault maps used:
D:1:      dpeg_arrival_three_bigger_balls
D:3:      uniq_natasha, uniq_ijyb
D:4:      tgw_sif, corexii_leaking_fountain, grunt_gozag_breadcrumbs, uniq_pikel
D:5:      minmay_temple_entry_junction, enter_ossuary_3, first_ration,
          serial_park_tiny_1, abandoned_shop, st_stairs_7, uniq_eustachio,
          uniq_grinder, uniq_crazy_yiuf_cottage
D:6:      lemuel_round_altar
Ossuary:  ossuary_crypta
